 Dungeon Crawl Stone Soup version 0.27-a0-334-g52645efa06 (webtiles) character file.

Game seed: 9428304865692253961

551047 DavidChitty2 the Impregnable (level 25, -2/250 (255) HPs)
             Began as a Minotaur Fighter on Feb 13, 2021.
             Was the Champion of Okawaru.
             Killed from afar by a black draconian (18 damage)
             ... with a bolt of lightning
             ... on level 4 of the Depths.
             The game lasted 01:26:40 (55326 turns).

DavidChitty2 the Impregnable (Minotaur Fighter)    Turns: 55326, Time: 01:26:41

HP:   -2/250 (255)  AC: 44    Str: 36    XL:     25   Next: 5%
MP:   28/28         EV:  9    Int: 10    God:    Okawaru [******]
Gold: 3901          SH: 34    Dex: 23    Spells: 24/24 levels left

rFire    + . .     SeeInvis .   a - +6 broad axe (elec)
rCold    + . .     Faith    .   w - +0 tower shield
rNeg     . . .     Spirit   .   W - +8 gold dragon scales of the Hare {rPois rF+ rC+ Will+ Regen+ Str+2 Dex+4}
rPois    +         Reflect  +   y - +2 hat {Int+3}
rElec    .         Harm     .   S - +1 cloak "Poyxopsonk" {Dex+4}
rCorr    +         Rampage  .   n - +0 pair of gloves {Str+3}
Will     ++...     Clarity  +   D - +0 pair of boots {Stlth+}
Stlth    ..........             o - amulet of reflection
HPRegen  0.91/turn              (no ring)
MPRegen  0.21/turn              X - ring "Fenucatt" {*Drain rPois rCorr Str+3 Slay+5, =R}

@: lethally poisoned (-2 -> -3), studying Stealth, lightly drained
A: retaliatory headbutt, horns 2, clarity, clever 1, sense surroundings 1
}: 3/15 runes: decaying, serpentine, silver
a: Renounce Religion, Heroism, Finesse


You were on level 4 of the Depths.
You worshipped Okawaru.
Okawaru was exalted by your worship.
You visited 7 branches of the dungeon, and saw 41 of its levels.
You also visited: Sewer, Bailey, Ice Cave and Volcano.

You collected 7193 gold pieces.
You spent 3292 gold pieces at shops.

Inventory:

Hand Weapons
 a - a +6 broad axe of electrocution (weapon)
   (You took it off an orc warlord in a bailey)
 b - the +6 morningstar of the Wasteland {speed, Str+3 Dex+2}
   (Okawaru gifted it to you on level 4 of the Snake Pit)

   Attacks with this weapon are significantly faster.
   It affects your strength (+3).
   It affects your dexterity (+2).
 f - the +5 war axe of Luang {venom, rElec rC+ Int-3}
   (You acquired it in an ice cave)

   It poisons the flesh of those it strikes.
   It affects your intelligence (-3).
   It protects you from cold.
   It insulates you from electricity.
Missiles
 A - 2 throwing nets (quivered) {!f}
Armour
 n - a +0 pair of gloves of strength (worn)
   (Okawaru gifted it to you in an ice cave)
 w - a +0 tower shield (worn)
   (You found it on level 6 of the Dungeon)
 y - a +2 hat of intelligence (worn)
   (You found it on level 4 of the Depths)
 D - a +0 pair of boots of stealth (worn)
   (Okawaru gifted it to you on level 10 of the Dungeon)
 S - the +1 cloak "Poyxopsonk" (worn) {Dex+4}
   (You acquired it on level 11 of the Dungeon)

   It affects your dexterity (+4).
 W - the +8 gold dragon scales of the Hare (worn) {rPois rF+ rC+ Will+ Regen+ Str+2 Dex+4}
   (You took it off a yaktaur captain on level 5 of the Vaults)

   It affects your strength (+2).
   It affects your dexterity (+4).
   It protects you from fire.
   It protects you from cold.
   It protects you from poison.
   It affects your willpower, your defense against some magical effects.
   It increases your rate of regeneration.
Jewellery
 o - an amulet of reflection (around neck)
   (You found it on level 6 of the Dungeon)
 z - a ring of see invisible
   (You found it on level 7 of the Dungeon)
 H - the ring of Kukeemn {rElec AC+4}
   (You found it in a bailey)

   [ring of protection]

   It affects your AC (+4).
   It insulates you from electricity.
 R - the ring "Dyzemin" {Wiz rPois rF+ rC- Will++}
   (You found it on level 5 of the Lair of Beasts)

   [ring of wizardry]

   It improves your spell success rate.
   It protects you from fire.
   It makes you vulnerable to cold.
   It protects you from poison.
   It affects your willpower, your defense against some magical effects.
 T - a ring of ice
   (You took it off Fannar on level 12 of the Dungeon)
 X - the ring "Fenucatt" (right hand) {*Drain rPois rCorr Str+3 Slay+5, =R}
   (You found it on level 1 of the Swamp)

   [ring of resist corrosion]

   It affects your strength (+3).
   It affects your accuracy and damage with ranged weapons and melee attacks
   (+5).
   It protects you from poison.
   It provides partial protection from all sources of acid and corrosion.
   It causes draining when unequipped.
Wands
 d - a wand of iceblast (44)
   (You found it on level 4 of the Lair of Beasts)
 e - a wand of mindburst (45)
   (You found it on level 3 of the Vaults)
 t - a wand of flame (73)
   (You found it on level 5 of the Lair of Beasts)
 u - a wand of paralysis (21)
   (You found it on level 13 of the Dungeon)
 v - a wand of digging (18)
   (You found it on level 4 of the Lair of Beasts)
 x - a wand of acid (33)
   (You found it on level 2 of the Snake Pit)
 M - a wand of polymorph (20)
   (You found it on level 3 of the Vaults)
 Z - a wand of charming (6)
   (You found it on level 4 of the Vaults)
Scrolls
 c - 13 scrolls of enchant armour
 g - 9 scrolls of fear
 i - 2 scrolls of enchant weapon
 j - 25 scrolls of identify {@r1}
 m - 9 scrolls of blinking
 p - 2 scrolls of summoning
 q - 14 scrolls of teleportation {@r4}
 B - 2 scrolls of torment {!r}
 C - 5 scrolls of immolation {!r}
 G - 5 scrolls of fog
 J - 4 scrolls of vulnerability {!r}
 Y - 2 scrolls of brand weapon
Potions
 h - 5 potions of mutation {!q}
 k - 2 potions of ambrosia
 l - 10 potions of lignification {!q}
 r - 3 potions of flight
 s - a potion of cancellation
 E - 7 potions of heal wounds {@q2}
 F - 2 potions of magic
 I - 3 potions of invisibility
 L - 6 potions of resistance
 O - 5 potions of berserk rage
 P - 3 potions of might
 Q - 3 potions of haste {@q3}
 U - 5 potions of brilliance
 V - 22 potions of curing {@q1}
Miscellaneous
 K - a phantom mirror
   (You found it in a volcano)


   Skills:
 + Level 26.6 Fighting
 - Level 18.0 Axes
 + Level 26.6 Armour
 - Level 25.0 Shields
 - Level 8.0 Invocations


You had 24 spell levels left.
You didn't know any spells.
Your spell library contained the following spells:

 Spells                   Type           Power        Failure   Level
 Animate Skeleton         Necr           0%           83%         1
 Apportation              Tloc           0%           83%         1
 Beastly Appendage        Tmut           0%           83%         1
 Corona                   Hex            0%           83%         1
 Freeze                   Ice            0%           83%         1
 Pain                     Necr           0%           83%         1
 Shock                    Conj/Air       0%           83%         1
 Sting                    Tmut/Pois      0%           83%         1
 Summon Small Mammal      Summ           0%           83%         1
 Call Imp                 Summ           0%           93%         2
 Corpse Rot               Necr/Air       N/A          93%         2
 Passwall                 Tmut/Erth      0%           93%         2
 Poisonous Vapours        Pois/Air       0%           93%         2
 Sublimation of Blood     Necr           0%           93%         2
 Swiftness                Air            0%           93%         2
 Wereblood                Tmut           0%           93%         2
 Call Canine Familiar     Summ           0%           99%         3
 Confusing Touch          Hex            0%           99%         3
 Conjure Flame            Conj/Fire      0%           99%         3
 Gell's Gravitas          Tloc           0%           99%         3
 Ignite Poison            Fire/Tmut/Pois 0%           99%         3
 Lesser Beckoning         Tloc           0%           99%         3
 Mephitic Cloud           Conj/Pois/Air  0%           99%         3
 Portal Projectile        Hex/Tloc       0%           99%         3
 Spider Form              Tmut/Pois      0%           99%         3
 Static Discharge         Conj/Air       0%           99%         3
 Stone Arrow              Conj/Erth      0%           99%         3
 Summon Guardian Golem    Hex/Summ       0%           99%         3
 Airstrike                Air            0%           100%        4
 Animate Dead             Necr           0%           100%        4
 Dispel Undead            Necr           0%           100%        4
 Ice Form                 Ice/Tmut       0%           100%        4
 Olgreb's Toxic Radiance  Pois           0%           100%        4
 Passage of Golubria      Tloc           N/A          100%        4
 Petrify                  Tmut/Erth      0%           100%        4
 Summon Ice Beast         Ice/Summ       0%           100%        4
 Summon Lightning Spire   Summ/Air       0%           100%        4
 Agony                    Necr           0%           100%        5
 Alistair's Intoxication  Tmut/Pois      0%           100%        5
 Blade Hands              Tmut           0%           100%        5
 Bolt of Magma            Conj/Fire/Erth 0%           100%        5
 Borgnjor's Vile Clutch   Necr/Erth      0%           100%        5
 Irradiate                Conj/Tmut      0%           100%        5
 Lee's Rapid Deconstruct  Erth           0%           100%        5
 Lightning Bolt           Conj/Air       0%           100%        5
 Metabolic Englaciation   Hex/Ice        0%           100%        5
 Summon Forest            Summ/Tloc      0%           100%        5
 Summon Mana Viper        Hex/Summ       0%           100%        5
 Yara's Violent Unravell  Hex/Tmut       0%           100%        5
 Death Channel            Necr           0%           100%        6
 Eringya's Noxious Bog    Tmut/Pois      0%           100%        6
 Freezing Cloud           Conj/Ice/Air   0%           100%        6
 Hydra Form               Tmut           0%           100%        6
 Invisibility             Hex            0%           100%        6
 Statue Form              Tmut/Erth      0%           100%        6
 Dragon Form              Tmut           0%           100%        7
 Malign Gateway           Summ/Tloc      0%           100%        7
 Ozocubu's Refrigeration  Ice            0%           100%        7
 Summon Hydra             Summ           0%           100%        7
 Dragon's Call            Summ           0%           100%        9
 Shatter                  Erth           0%           100%        9


Dungeon Overview and Level Annotations

Branches:
Dungeon (15/15)            Temple (0/1) D:7            Lair (6/6) D:10
  Swamp (4/4) Lair:3        Snake (4/4) Lair:3        Slime (0/5) Lair:6
    Orc (2/2) D:12            Elf (0/3) Orc:2        Vaults (5/5) D:14
  Crypt (0/3) Vaults:3     Depths (5/5) D:15          Sewer (visited)
 Bailey (visited)           IceCv (visited)         Volcano (visited)
    Zot: Depths:5

Altars:
Elyvilon
Hepliaklqana
Kikubaaqudgha
Makhleb
Nemelex Xobeh
Okawaru
Vehumet
Zin
The Shining One
Beogh
Jiyva

Shops:
D:11 ?   D:15 ?   Orc:2 [![*   Snake:1 ?   Vaults:1 ?   Vaults:3 ?

Portals:
Hell: Lair:6 Depths:1 Depths:2 Depths:3 Depths:4
Abyss: Depths:1 Depths:2 Depths:4
Pandemonium: Depths:2 Depths:3
Ziggurat: Depths:2

Annotations:
D:8 1 runed translucent door
Swamp:1 3 runed translucent doors, vurker's ghost, journeyman DgFE


Innate Abilities, Weirdness & Mutations

You reflexively headbutt those who attack you in melee.
You have a pair of horns on your head.
You possess an exceptional clarity of mind.
Your mind is acute. (Int +2)
You passively map a small area around you.


Message History

* * * LOW HITPOINT WARNING * * *
You block the golden dragon's attack.
The golden dragon completely misses you.
The black draconian hits you with a +2 trident of venom!
* * * LOW HITPOINT WARNING * * *
You climb upwards.
You feel sick.
There is a stone staircase leading down here.
You slice the white ugly thing!!
Lightning courses through the white ugly thing!
You headbutt the white ugly thing! You slash the shadow dragon!
You slash the golden dragon!
You kill the golden dragon!
Okawaru accepts your kill.
You slash the purple draconian scorcher!
Lightning courses through the purple draconian scorcher!
The sentinel's mark upon you fades away.
You block the white ugly thing's attack.
The shadow dragon breathes negative energy at you.
The bolt of negative energy misses you.
You barely miss the white ugly thing.
You open the purple draconian scorcher like a pillowcase!!!
You hit the shadow dragon.
You block the purple draconian scorcher's attack.
You block the black draconian's attack.
You block the white ugly thing's attack.
You closely miss the white ugly thing.
Your headbutt misses the white ugly thing.
You hit the shadow dragon.
You hit the vampire knight but do no damage.
You slash the purple draconian scorcher!
Lightning courses through the purple draconian scorcher!
You block the shadow dragon's attack.
The shadow dragon claws you but does no damage.
You block the shadow dragon's attack.
The purple draconian scorcher hits you but does no damage.
You block the vampire knight's attack.
The vampire knight bites you but does no damage.
You slash the white ugly thing!
You kill the white ugly thing!
Okawaru accepts your kill.
You slash the shadow dragon!
You kill the shadow dragon!
Okawaru accepts your kill.
You slash the vampire knight!
You barely miss the purple draconian scorcher.
The black draconian breathes lightning at you.
The bolt of lightning hits you!!!
* * * LOW HITPOINT WARNING * * *
The bolt of lightning hits you!!
You die...

.###.#.#.###.###.###.###.###.#.##
.##.#.#)#.#.#.#.#.#.#.#.#.#.###(#
.#)#)#.###.###.###.###.###.###.##
.##[#.#.#.#.#.#.#.#.#.#.#.#.#.###
.#)#†###.###.###.###.###.###.## #
.)###############################
....<...........d................
#######.######.V.#.######.......#
............)..q@†...............
#########.########.######.....#.#
#.# #.#......###...# #.#
#.#.####.# #.... #.# #.#.####.#
##### #.# #.#......#
#.########.######## #..........#
############


You could see a black draconian (catching breath), a purple draconian scorcher
and a vampire knight.

Vanquished Creatures
  An ancient lich (Vaults:5)
  Mennas (Vaults:3)
  Mara (Swamp:3)
  Vashnia (Snake:3)
  A caustic shrike (Depths:3)
  4 golden dragons
  Nikola (Swamp:3)
  A bone dragon (Depths:5)
  Rupert (D:15)
  4 tentacled monstrosities
  An Ice Fiend (IceCv)
  2 liches
  2 titans (Vaults:5)
  6 sphinxes
  3 quicksilver dragons
  8 shadow dragons
  Roxanne (Snake:1)
  5 storm dragons
  Donald (Snake:1)
  8 nagarajas (Snake:4)
  A tengu reaver (Vaults:5)
  A fenstrider witch (shapeshifter) (Vaults:1)
  2 deep elf sorcerers
  14 fire giants
  2 orc warlords
  9 frost giants
  Aizul (Snake:4)
  16 vault wardens
  Louise (Depths:2)
  A balrug (Depths:3)
  2 caustic shrike zombies
  3 iron dragons
  5 ghouls (Swamp:4)
  A deep elf elementalist (Vaults:5)
  10 ironheart preservers
  21 stone giants
  2 war gargoyles (Vaults:5)
  A spriggan defender (Depths:4)
  23 very ugly things
  3 vampire knights
  2 entropy weavers
  A juggernaut skeleton (Depths:2)
  2 deep elf annihilators
  A deep elf demonologist (Vaults:1)
  A purple draconian (Depths:5)
  2 white draconians (Depths:5)
  A dire elephant (Lair:6)
  3 bunyips
  2 spark wasps (Depths:2)
  2 green deaths (Snake:3)
  11 ettins
  4 eleionomae
  A deep elf death mage (Vaults:3)
  2 jiangshi (Depths:4)
  9 fire dragons
  The ghost of Wukicigh the Fighter, a journeyman MiFi of Ru (Orc:1)
  2 merfolk impalers (Depths:1)
  2 deep elf high priests (Vaults:5)
  10 great orbs of eyes
  19 hydras
  21 yaktaur captains
  Fannar (D:12)
  7 rakshasas
  11 boulder beetles
  8 naga warriors
  17 ice dragons
  Harold (D:8)
  31 vault guards
  2 hell beasts
  A catoblepas (Lair:6)
  14 ogre magi
  4 spriggan air magi
  5 anacondas
  2 dancing weapons
  16 centaur warriors
  2 death knights
  7 deep troll shamans
  3 alligators
  A death yak (Lair:3)
  An anaconda (shapeshifter) (Depths:5)
  43 two-headed ogres
  3 tengu warriors
  7 deep troll earth magi
  3 vampire magi
  7 shock serpents
  6 spriggan berserkers
  8 orc high priests
  19 naga sharpshooters
  9 hell knights
  A skeletal warrior (Vaults:3)
  2 iron trolls (Depths:3)
  2 deep elf knights
  2 shadow wraiths
  4 goliath frogs
  4 salamander mystics
  5 spriggan druids (Swamp:3)
  6 unseen horrors
  An infernal demonspawn (Depths:3)
  13 naga ritualists
  A fire crab (shapeshifter) (Vaults:3)
  A shadow demon (Depths:3)
  15 bog bodies
  A glowing orange brain (Depths:1)
  A flayed ghost (Vaults:1)
  11 swamp dragons
  16 deep trolls
  An orange crystal statue (Depths:1)
  9 wizards
  A deep elf archer (Vaults:2)
  2 lindwurms (Lair:6)
  18 ironbrand convokers
  5 large abominations (D:14)
  28 orc knights
  2 phantasmal warriors (Vaults:5)
  An orb spider (shapeshifter) (Vaults:1)
  6 necromancers
  8 mana vipers
  5 deep elf pyromancers
  A stone giant zombie (Vaults:2)
  73 ugly things
  A tengu skeleton (Depths:2)
  5 wolf spiders
  2 deep elf zephyrmancers
  3 manticores
  3 oklob plants (Lair:5)
  13 salamanders
  A shining eye (shapeshifter) (Vaults:5)
  3 will-o-the-wisps
  5 toenail golems (Volcano)
  7 cyclopes
  A moth of wrath (Swamp:1)
  A salamander (shapeshifter) (Depths:4)
  15 elephants
  7 centaur zombies
  A guardian serpent (shapeshifter) (Vaults:5)
  2 black mambas (shapeshifter)
  17 vault sentinels
  24 naga magi
  A smoke demon (Depths:3)
  30 black mambas
  An ice statue (IceCv)
  3 centaur skeletons
  12 cane toads
  2 gargoyles
  2 yaktaur zombies
  2 torpor snails (Lair:3)
  Psyche (D:8)
  7 komodo dragons
  6 rime drakes
  2 demonic crawlers (D:13)
  12 freezing wraiths
  An efreet (D:13)
  A spark wasp simulacrum (Depths:2)
  2 kobold demonologists (D:12)
  54 yaktaurs
  A yaktaur skeleton (Depths:1)
  6 anaconda simulacra (IceCv)
  10 ice devils
  A human skeleton (Vaults:2)
  A hellwing (Lair:6)
  2 red devils (Lair:6)
  A bloated husk (Swamp:2)
  2 trolls (shapeshifter)
  A wind drake (shapeshifter) (Depths:2)
  2 jumping spiders
  12 tyrant leeches
  A merfolk (shapeshifter) (Depths:2)
  10 trolls
  A wolf spider simulacrum (D:14)
  9 hornets
  A polar bear (Lair:6)
  2 hornets (shapeshifter)
  A tengu simulacrum (Vaults:3)
  7 dream sheep (Lair:5)
  18 blink frogs
  34 slime creatures
  A meliai zombie (D:14)
  A human simulacrum (Vaults:1)
  Sigmund (D:6)
  3 dire elephant simulacra (IceCv)
  A water elemental (Depths:1)
  2 wraiths
  7 shadows
  58 yaks
  7 spriggans
  A vampire (D:13)
  A flying skull (Vaults:3)
  2 elf skeletons (Vaults:5)
  5 redbacks
  A tarantella (Vaults:4)
  7 wyverns
  A neqoxec (Depths:3)
  A hog (shapeshifter) (Depths:3)
  7 basilisks
  2 iron troll simulacra (IceCv)
  A chaos spawn (Depths:3)
  10 vampire mosquitoes
  4 harpy simulacra (IceCv)
  A yaktaur simulacrum (Vaults:2)
  23 swamp worms
  13 wargs
  39 nagas
  A swamp worm (shapeshifter) (Vaults:5)
  3 acid dragons
  2 hydra simulacra (IceCv)
  A soldier ant (shapeshifter) (Vaults:5)
  14 water moccasins
  A water moccasin (shapeshifter) (Vaults:2)
  A soldier ant (D:14)
  2 floating eyes (Depths:1)
  7 hell hounds
  62 orc warriors
  5 sky beasts
  4 black bears
  8 swamp drakes (Swamp:4)
  7 ice beasts
  A necrophage (D:13)
  34 ogres
  18 wolves
  2 ettin simulacra (IceCv)
  2 eyes of draining
  19 boggarts
  38 centaurs
  An orc skeleton (Vaults:2)
  2 phantoms
  Blork the orc (D:5)
  3 kobold brigands
  7 small abominations (D:14)
  26 bullfrogs
  2 wyvern skeletons
  5 scorpions
  8 killer bees
  33 wights
  4 howler monkeys
  An electric eel (Lair:3)
  3 crimson imps
  2 draconian simulacra (IceCv)
  3 quasits
  A bullfrog zombie (D:9)
  3 iron imps (Depths:3)
  2 jellies
  3 bullfrog skeletons
  27 orc priests
  7 hounds
  9 iguanas
  16 orc wizards
  11 worker ants
  4 troll simulacra (IceCv)
  A wolf simulacrum (IceCv)
  6 centaur simulacra (IceCv)
  A hound zombie (D:9)
  A hound skeleton (D:4)
  A howler monkey zombie (D:5)
  2 worker ant zombies
  6 gnolls
  2 howler monkey skeletons
  17 adders
  4 ogre simulacra (IceCv)
  5 shadow imps
  10 white imps
  8 ufetubi
  3 oozes
  2 adder skeletons
  5 worms
  6 dart slugs
  8 leopard geckos
  103 orcs
  2 ball pythons
  10 bats
  14 giant cockroaches
  9 goblins
  15 hobgoblins
  12 jackals
  32 kobolds
  5 quokkas
  10 frilled lizards
  A leopard gecko skeleton (D:6)
  2 leopard gecko zombies (D:7)
  A quokka zombie (D:7)
  10 rats
2059 creatures vanquished.

Vanquished Creatures (collateral kills)
  the Lernaean hydra (Swamp:4)
  A hydra (Swamp:4)
2 creatures vanquished.

Vanquished Creatures (others)
  A lich (Depths:1)
  2 bog bodies
  A wizard (Volcano)
  A manticore (D:12)
  A naga mage (Snake:4)
  A bloated husk (Swamp:3)
  A boggart (Depths:4)
  A centaur (D:15)
  A worker ant (D:13)
  6 foxfires (Swamp:1)
  61 fungi
  54 plants
  6 toadstools (Depths:1)
137 creatures vanquished.

Grand Total: 2198 creatures vanquished

Notes
Turn   | Place    | Note
-------+----------+-------------------------------------------
     0 | D:1      | DavidChitty2 the Minotaur Fighter began the quest for the
                  | Orb.
     0 | D:1      | Reached XP level 1. HP: 19/19 MP: 0/0
   323 | D:1      | Reached XP level 2. HP: 23/27 MP: 1/1
   586 | D:1      | Reached XP level 3. HP: 33/33 MP: 2/2
  1322 | D:2      | Reached XP level 4. HP: 40/40 MP: 3/3
  1389 | D:2      | Found a sparkling altar of Nemelex Xobeh.
  1465 | D:2      | Found a hazy altar of Hepliaklqana.
  1465 | D:2      | Found a sparkling altar of Nemelex Xobeh.
  1643 | D:3      | Found a white marble altar of Elyvilon.
  2006 | D:3      | Found a glowing drain.
  2021 | Sewer    | Entered a sewer
  2365 | D:3      | You fall into a shaft and drop 2 floors!
  2365 | D:5      | Entered Level 5 of the Dungeon
  2379 | D:5      | Reached XP level 5. HP: 43/47 MP: 4/4
  2620 | D:5      | Noticed an ogre
  2629 | D:5      | Killed an ogre
  2630 | D:5      | Reached skill level 5 in Axes
  2630 | D:5      | Reached XP level 6. HP: 44/55 MP: 5/5
  2838 | D:4      | Reached skill level 5 in Armour
  2838 | D:4      | Reached skill level 5 in Shields
  2861 | D:4      | Reached skill level 5 in Fighting
  3444 | D:3      | Found an iron altar of Okawaru.
  3531 | D:3      | Became a worshipper of Warmaster Okawaru
  3622 | D:4      | Reached XP level 7. HP: 59/61 MP: 6/6
  4921 | D:5      | Reached skill level 1 in Invocations
  4962 | D:5      | Noticed Blork the orc
  4972 | D:5      | Killed Blork the orc
  5424 | D:6      | Reached * piety under Okawaru
  5589 | D:6      | Reached XP level 8. HP: 43/70 MP: 8/8
  5965 | D:6      | Noticed Sigmund
  5974 | D:6      | Killed Sigmund
  6361 | D:7      | Reached ** piety under Okawaru
  6524 | D:7      | Found a staircase to the Ecumenical Temple.
  6731 | D:7      | Reached XP level 9. HP: 36/78 MP: 7/10
  7259 | D:7      | Reached *** piety under Okawaru
  7782 | D:8      | Found a radiant altar of Vehumet.
  7804 | D:8      | Noticed a troll
  7815 | D:8      | Killed a troll
  7819 | D:8      | Reached skill level 10 in Axes
  8069 | D:8      | Found a runed translucent door.
  8084 | D:8      | Noticed Harold
  8096 | D:8      | Killed Harold
  8096 | D:8      | Reached **** piety under Okawaru
  8097 | D:8      | Reached XP level 10. HP: 36/88 MP: 9/12
  8347 | D:8      | Found a runed translucent door.
  8347 | D:8      | Noticed Psyche
  8358 | D:8      | Noticed a two-headed ogre
  8362 | D:8      | Killed a two-headed ogre
  8363 | D:8      | Reached skill level 5 in Invocations
  8607 | D:8      | Noticed a two-headed ogre
  8613 | D:8      | Killed a two-headed ogre
  8850 | D:8      | Noticed a cyan ugly thing
  8850 | D:8      | Noticed a manticore
  9193 | D:9      | Noticed a two-headed ogre
  9207 | D:9      | Killed a two-headed ogre
  9207 | D:9      | Reached ***** piety under Okawaru
  9502 | D:9      | Found a glowing silver altar of Zin.
  9780 | D:10     | Entered Level 10 of the Dungeon
  9850 | D:10     | Noticed an elephant
  9852 | D:10     | Found a staircase to the Lair.
  9862 | D:10     | Killed an elephant
  9863 | D:10     | Reached XP level 11. HP: 89/97 MP: 14/14
  9899 | D:10     | Received a gift from Okawaru
  9932 | D:10     | Found a flagged portal.
  9977 | Bailey   | Entered a bailey
  9982 | Bailey   | Noticed an orc warlord
 10090 | Bailey   | Found a runed translucent gate.
 10091 | Bailey   | Found a runed translucent gate.
 10092 | Bailey   | Found a runed translucent gate.
 10283 | Bailey   | Killed an orc warlord
 10313 | Bailey   | Got a scorched steel ring
 10413 | D:10     | Identified the ring of Kukeemn {rElec AC+4} (You found it
                  | in a bailey)
 10517 | D:10     | Got a glimmering longbow
 10587 | D:10     | Found a glowing golden altar of the Shining One.
 11423 | D:11     | Reached skill level 15 in Axes
 11423 | D:11     | Reached XP level 12. HP: 106/106 MP: 16/16
 11424 | D:11     | Reached XP level 13. HP: 112/112 MP: 17/17
 11495 | D:11     | Reached skill level 10 in Armour
 11535 | D:11     | Found Ejabbat's Magic Scroll Boutique.
 11670 | D:11     | Reached skill level 10 in Shields
 12182 | D:8      | Reached skill level 10 in Fighting
 12240 | D:8      | Killed Psyche
 12540 | Lair:1   | Entered Level 1 of the Lair of Beasts
 13467 | Lair:2   | Found a dark tunnel.
 13474 | Volcano  | Entered a volcano
 13547 | Volcano  | Received a gift from Okawaru
 13644 | Volcano  | Reached XP level 14. HP: 122/122 MP: 18/18
 14796 | Lair:3   | Found a staircase to the Snake Pit.
 15262 | Lair:3   | You fall into a shaft and drop 3 floors!
 15262 | Lair:6   | Entered Level 6 of the Lair of Beasts
 15863 | Lair:4   | Received a gift from Okawaru
 16437 | Lair:3   | Found a staircase to the Swamp.
 16580 | Lair:4   | You fall into a shaft and drop 2 floors!
 16661 | Lair:6   | Reached ****** piety under Okawaru
 17238 | Lair:5   | Got an ancient lead ring
 17276 | Lair:4   | Identified the ring "Dyzemin" {Wiz rPois rF+ rC- Will++}
                  | (You found it on level 5 of the Lair of Beasts)
 17416 | Lair:4   | Received a gift from Okawaru
 17687 | Lair:4   | Reached XP level 15. HP: 136/136 MP: 20/20
 19121 | Lair:6   | Found a viscous altar of Jiyva.
 19121 | Lair:6   | Found a staircase to the Slime Pits.
 19590 | Lair:6   | Got a buzzing ring mail
 19790 | Lair:6   | Found a burning altar of Makhleb.
 20092 | Lair:6   | Found a gateway to Hell.
 20099 | Lair:6   | Identified the Reference Book on Ashen Contamination
 20380 | D:12     | Found a staircase to the Orcish Mines.
 20551 | D:12     | Noticed Fannar
 20571 | D:12     | Killed Fannar
 21235 | D:13     | Received a gift from Okawaru
 21241 | D:13     | Got a shimmering ring mail {god gift}
 21242 | D:13     | Identified the +0 ring mail of Anaesthesia {rPois Int+4
                  | Dex-2} (Okawaru gifted it to you on level 13 of the
                  | Dungeon)
 21503 | D:13     | Noticed a fire giant
 21518 | D:13     | Killed a fire giant
 21519 | D:13     | Reached skill level 15 in Armour
 21519 | D:13     | Reached skill level 15 in Shields
 21536 | D:13     | Reached skill level 15 in Fighting
 22324 | D:14     | Reached XP level 16. HP: 149/149 MP: 21/21
 23032 | D:14     | Found a gate to the Vaults.
 23043 | D:14     | Received a gift from Okawaru
 23588 | D:15     | Entered Level 15 of the Dungeon
 23849 | D:15     | Noticed Rupert
 23867 | D:15     | Killed Rupert
 23916 | D:15     | Found Voophuokk's Magic Scroll Shop.
 23942 | D:15     | Found a staircase to the Depths.
 23952 | D:15     | Identified the +1 robe of the Komodo Dragon {rF- rCorr
                  | Dex+2}
 23974 | D:15     | Received a gift from Okawaru
 24669 | D:11     | Bought a scroll of acquirement for 832 gold pieces
 24669 | D:11     | Acquired the +1 cloak "Poyxopsonk" {Dex+4}
 24723 | Orc:1    | Entered Level 1 of the Orcish Mines
 24866 | Orc:1    | Found a runed translucent door.
 24868 | Orc:1    | Noticed Wukicigh's ghost (journeyman MiFi)
 24917 | Orc:1    | Killed Wukicigh's ghost
 24966 | Orc:2    | Entered Level 2 of the Orcish Mines
 25532 | Orc:2    | Found a staircase to the Elven Halls.
 26539 | Orc:2    | Found Retushri's General Store.
 26539 | Orc:2    | Found Loh Lots's Armour Shoppe.
 26540 | Orc:2    | Found Ywkus's Armour Shoppe.
 26540 | Orc:2    | Found Lafer's Distillery.
 26547 | Orc:2    | Bought a potion of heal wounds for 75 gold pieces
 26551 | Orc:2    | Bought a potion of heal wounds for 70 gold pieces
 26551 | Orc:2    | Bought a potion of experience for 700 gold pieces
 26900 | Lair:3   | Reached XP level 17. HP: 160/160 MP: 22/22
 26902 | Snake:1  | Entered Level 1 of the Snake Pit
 27128 | Snake:1  | Received a gift from Okawaru
 27131 | Snake:1  | Found Jixeqa's Magic Scroll Shop.
 27195 | Snake:1  | Identified the +0 kite shield of Ashenzari's Favour {Will+}
 27195 | Snake:1  | Noticed Donald
 27216 | Snake:1  | Killed Donald
 27301 | Snake:1  | Noticed Roxanne
 27326 | Snake:1  | Killed Roxanne
 27846 | Snake:1  | Reached XP level 18. HP: 168/168 MP: 23/23
 28650 | Snake:2  | Got a blackened leather armour
 28660 | Snake:2  | Found a sparkling altar of Nemelex Xobeh.
 29310 | Snake:3  | Found a frozen archway.
 29321 | IceCv    | Entered an ice cave
 29464 | IceCv    | Received a gift from Okawaru
 29795 | IceCv    | Acquired the +5 war axe of Luang {venom, rElec rC+ Int-3}
 30054 | IceCv    | Received a gift from Okawaru
 30229 | IceCv    | Noticed an Ice Fiend
 30256 | IceCv    | Killed an Ice Fiend
 30351 | IceCv    | Identified Sif Muna's Papyrus of Lethal Snow
 30745 | Snake:3  | Noticed Vashnia
 30783 | Snake:3  | Killed Vashnia
 31598 | Snake:3  | Found a runed translucent door.
 31903 | Snake:3  | Identified the Handbook of Feathers and Companions
 32097 | Snake:4  | Entered Level 4 of the Snake Pit
 32208 | Snake:4  | Found an ancient bone altar of Kikubaaqudgha.
 32359 | Snake:4  | Received a gift from Okawaru
 33080 | Snake:4  | Reached XP level 19. HP: 113/180 MP: 16/24
 33452 | Snake:4  | Got a smoking morningstar {god gift}
 33523 | Snake:4  | Got a serpentine rune of Zot
 33985 | Snake:4  | Received a gift from Okawaru
 34024 | Snake:4  | Got a masterwork scale mail {god gift}
 34039 | Snake:4  | Identified the +0 scale mail of the Known World {Rampage
                  | SInv} (Okawaru gifted it to you on level 4 of the Snake
                  | Pit)
 34055 | Snake:4  | Identified the +6 morningstar of the Wasteland {speed,
                  | Str+3 Dex+2} (Okawaru gifted it to you on level 4 of the
                  | Snake Pit)
 34173 | Snake:4  | Noticed Aizul
 34190 | Snake:4  | Killed Aizul
 34726 | Vaults:1 | Entered Level 1 of the Vaults
 36219 | Vaults:1 | Found Pita Esa's Magic Scroll Shop.
 36296 | Vaults:1 | Received a gift from Okawaru
 37738 | Vaults:2 | Reached XP level 20. HP: 146/193 MP: 19/25
 38371 | Vaults:2 | Received a gift from Okawaru
 39419 | Vaults:3 | Found Facimm's Magic Scroll Emporium.
 39595 | Vaults:3 | Noticed Mennas
 39679 | Vaults:3 | Killed Mennas
 40169 | Vaults:3 | Found a roughly hewn altar of Beogh.
 40718 | Vaults:3 | Got a bloodstained chain mail
 40738 | Vaults:3 | Received a gift from Okawaru
 40849 | Vaults:3 | Found a staircase to the Crypt.
 41365 | Vaults:4 | Reached XP level 21. HP: 204/204 MP: 26/26
 42396 | Vaults:4 | Identified the +2 robe "Pekez" {Int+7}
 42546 | Vaults:4 | Received a gift from Okawaru
 42555 | Vaults:4 | Got a bloodstained war axe {god gift}
 42556 | Vaults:4 | Identified the +7 war axe of Okawaru's Castigation {venom,
                  | Dex+4} (Okawaru gifted it to you on level 4 of the Vaults)
 42965 | Vaults:5 | Entered Level 5 of the Vaults
 43137 | Vaults:5 | Received a gift from Okawaru
 43936 | Vaults:5 | Identified the +8 gold dragon scales of the Hare {rPois rF+
                  | rC+ Will+ Regen+ Str+2 Dex+4}
 43943 | Vaults:5 | Received a gift from Okawaru
 43944 | Vaults:5 | Reached XP level 22. HP: 97/205 MP: 19/27
 43944 | Vaults:5 | Found the +27 Lear's hauberk
 44496 | Vaults:5 | Gained mutation: You are clumsy. (Dex -2) [a shining eye]
 44605 | Vaults:5 | Identified the +8 lajatang of Ojaciokh {drain, *Rage rN++
                  | Str+3 SInv}
 44664 | Vaults:5 | Noticed an ancient lich
 44664 | Vaults:5 | Identified the +5 halberd of the Apocalypse {drain, Dex+5}
 44664 | Vaults:5 | Identified the ring "Senireli" {rF+ rN+ EV+4 Str+4 Dex-4}
 45155 | Vaults:5 | Killed an ancient lich
 45420 | Vaults:5 | Identified the Compendium of the Voyage and Necromancy
 45519 | Vaults:5 | Identified the +1 mace of Past Mistakes {drain, rElec rPois
                  | rC+}
 45527 | Vaults:5 | Noticed a golden dragon
 45539 | Vaults:5 | Killed a golden dragon
 45709 | Vaults:5 | Received a gift from Okawaru
 45710 | Vaults:5 | Got a jewelled ring mail {god gift}
 45862 | Vaults:5 | Got a silver rune of Zot
 45928 | Vaults:5 | Got a warped leather armour
 46454 | Swamp:1  | Entered Level 1 of the Swamp
 46540 | Snake:1  | Bought a scroll of enchant weapon for 105 gold pieces
 46540 | Snake:1  | Bought a scroll of blinking for 105 gold pieces
 46540 | Snake:1  | Bought a scroll of blinking for 105 gold pieces
 46730 | D:15     | Bought a scroll of enchant weapon for 127 gold pieces
 46730 | D:15     | Bought 3 scrolls of brand weapon for 1020 gold pieces
 46730 | D:15     | Bought a scroll of teleportation for 51 gold pieces
 46730 | D:15     | Bought a scroll of teleportation for 51 gold pieces
 46730 | D:15     | Bought a scroll of teleportation for 51 gold pieces
 47161 | Swamp:1  | Acquired 493 gold pieces
 47515 | Swamp:1  | Found a runed translucent gate.
 47516 | Swamp:1  | Found a runed translucent gate.
 47517 | Swamp:1  | Found a runed translucent gate.
 47519 | Swamp:1  | Noticed vurker's ghost (journeyman DgFE)
 47553 | Swamp:1  | Got a steaming jade ring
 47554 | Swamp:1  | Identified the ring "Fenucatt" {*Drain rPois rCorr Str+3
                  | Slay+5} (You found it on level 1 of the Swamp)
 48360 | Swamp:3  | Noticed Nikola
 48379 | Swamp:3  | Killed Nikola
 48384 | Swamp:3  | Noticed Mara
 48394 | Swamp:3  | Killed Mara
 48818 | Swamp:3  | Got a bloodstained quarterstaff
 48961 | Swamp:4  | Entered Level 4 of the Swamp
 49182 | Swamp:4  | Reached XP level 23. HP: 218/227 MP: 28/28
 49341 | Swamp:4  | Received a gift from Okawaru
 49362 | Swamp:4  | Got a pair of spiked boots {god gift}
 49363 | Swamp:4  | Identified the +2 pair of boots "Ufeokhluff" {Harm rF+}
                  | (Okawaru gifted it to you on level 4 of the Swamp)
 49467 | Swamp:4  | Got a warped shortbow
 49488 | Swamp:4  | Noticed the 27-headed Lernaean hydra
 49491 | Swamp:4  | Killed the 27-headed Lernaean hydra
 49527 | Swamp:4  | Got a decaying rune of Zot
 49930 | Depths:1 | Entered Level 1 of the Depths
 50249 | Depths:1 | Found a one-way gate to the infinite horrors of the Abyss.
 50630 | Depths:1 | Paralysed by a floating eye for 3 turns
 51007 | Depths:1 | Paralysed by a great orb of eyes for 7 turns
 51171 | Depths:2 | Noticed Louise
 51179 | Depths:2 | Killed Louise
 51401 | Depths:2 | Found a gateway to a ziggurat.
 51412 | Depths:2 | Received a gift from Okawaru
 51451 | Depths:2 | Found a one-way gate leading to the halls of Pandemonium.
 52267 | Depths:3 | Got a polished scimitar
 52330 | Depths:3 | Noticed a caustic shrike
 52336 | Depths:3 | Reached XP level 24. HP: 205/240 MP: 28/28
 52569 | Depths:3 | Received a gift from Okawaru
 52594 | Depths:3 | Gained mutation: You are dopey. (Int -2) [a neqoxec]
 52609 | Depths:3 | Lost mutation: You are dopey. (Int -2) [potion of mutation]
 52609 | Depths:3 | Lost mutation: You are clumsy. (Dex -2) [potion of
                  | mutation]
 52609 | Depths:3 | Gained mutation: Your mind is acute. (Int +2) [potion of
                  | mutation]
 52609 | Depths:3 | Gained mutation: You possess an exceptional clarity of
                  | mind. [potion of mutation]
 52609 | Depths:3 | Gained mutation: You passively map a small area around you.
                  | [potion of mutation]
 52927 | Depths:3 | Identified the Reference Book on Shifting Sinister Rites
 54237 | Depths:4 | Received a gift from Okawaru
 54737 | Depths:4 | Identified the +3 hand axe of Maecetua {drain, rPois SInv}
 55224 | Depths:5 | Entered Level 5 of the Depths
 55314 | Depths:5 | Reached XP level 25. HP: 152/255 MP: 28/28
 55319 | Depths:5 | Received a gift from Okawaru
 55326 | Depths:4 | Killed from afar by a black draconian

Illustrated notes

Levels and vault maps discovered:
D:1:      matt_arrival_diagonals, layout_basic, minmay_stone_trees_large
D:2:      layout_rooms, gammafunk_temple_overflow_pools,
          nemelex_lonely_heart_becter
D:3:      layout_basic, general_overflow_altar, portal_sewer_entry_f,
          okawaru_metal_pillars_3
D:4:      layout_layer_cave
D:5:      layout_loops_ring, minmay_misc_feat_four_crosses, uniq_blork_the_orc
D:6:      layout_basic, minmay_holes, uniq_sigmund
D:7:      minmay_spotlight, layout_basic, minmay_temple_entry_junction
D:8:      cheibrodos_histonic, layout_basic, basic_altar, uniq_psyche,
          uniq_harold
D:9:      layout_irregular_city, lemuel_coloured_pillars_altar,
          kennysheep_generic_room_7
D:10:     layout_basic, david_lair_generic, enter_bailey_2, tso_metal_star
D:11:     layout_gridville, serial_shops, nicolae_shop_window_shopping
D:12:     layout_rooms, david_orc_3, uniq_fannar
D:13:     nzn_winding_woodlands_stair_cross
          [nzn_winding_woodlands_5x15_sawtooth,
          nzn_winding_woodlands_center_triple_pond,
          nzn_winding_woodlands_5x15_pockets, nzn_winding_woodlands_hourglass,
          nzn_winding_woodlands_5x5_perimeter,
          nzn_winding_woodlands_5x15_zeroes,
          nzn_winding_woodlands_center_pierced_h,
          nzn_winding_woodlands_5x15_jagged], layout_rooms,
          einodemon_crawler_minivault
D:14:     layout_cave_pools, david_vaults_5, nicolae_benzene_ring, laboratory
D:15:     grunt_enter_depths_giant_problem, layout_loops_ring, serial_shops,
          shop, uniq_rupert
Lair:1:   layout_chaotic_city
Lair:2:   layout_regular_city, nicolae_volcano_entry_hallway
Lair:3:   layout_cave_pods, minmay_swamp_entry_worms,
          minmay_snake_entry_guardpost_small, nicolae_quartered_pool_medium,
          beast_lair_carwin_2
Lair:4:   layout_regular_city, lemuel_fruit_tree
Lair:5:   layout_gridlike, minmay_lair_oklob_chamber
Lair:6:   evil_forest, layout_loops_ring, slime_altar_1
Swamp:1:  layout_basic_swamp, gammafunk_ghost_hydra_chop, serial_swamp_ruin,
          evilmike_swamp_ruin_house_1, evilmike_swamp_ruin_rubble_2,
          worms_lemuel, infiniplex_staircase_pool_2
Swamp:2:  layout_basic_swamp, nicolae_swamp_feature_on_the_river_bank
Swamp:3:  layout_basic_swamp, hangedman_swamp_ruin_hall, uniq_nikola, uniq_mara
Swamp:4:  grunt_swamp_rune_castle, layout_basic_swamp, hangedman_swamp_pad,
          swamp_pool2, infiniplex_staircase_pool
Snake:1:  layout_honeycomb, serial_shops, shop, uniq_roxanne, uniq_donald
Snake:2:  layout_basic, basic_altar
Snake:3:  cheibrodos_toxic_ritual, layout_cave_shapes,
          portal_ice_cave_entry_horrid_things, drop_trap, uniq_vashnia
Snake:4:  snake_pit, layout_layer_cave, basic_altar, uniq_aizul
Orc:1:    layout_diamond_mine, ebering_ghost_inner_flame,
          nicolae_orc_sculptors_studio
Orc:2:    st_orc_pillars, layout_caves
Vaults:1: vaults_room_grunt_arrival_ludios, v_pattern_5,
          nicolae_vaults_border_crossing, v_misc_1, grunt_vaults_bifocal,
          v_misc_18, nicolae_vaults_bisected_inception, v_alt_pattern_6,
          vaults_dpeg_ring, nicolae_vaults_shelves_hall,
          layout_vaults_chaotic_city, serial_shops, shop
Vaults:2: v_misc_24, ontoclasm_vaults_echo, nicolae_vaults_ninety_degrees,
          ontoclasm_vaults_shuriken, nicolae_vaults_little_ls,
          grunt_vaults_diagonal, v_misc_26, v_misc_5, v_misc_22,
          nicolae_vaults_yaktaur_gun_rack, vaults_dpeg_cross,
          vaults_room_stairs_pillars, grunt_vaults_hallway_long,
          nicolae_vaults_alarming, layout_vaults_big_cross
Vaults:3: vaults_room_hallway, hangedman_vaults_stretched_pinwheel,
          minmay_crypt_entry_simple_sparse, hangedman_vaults_pinch,
          nicolae_vaults_specimen_jars, ontoclasm_vaults_tryst,
          nicolae_vaults_network_barrier, nicolae_vaults_sealed_display,
          nicolae_vaults_rhombus_7, v_misc_27, special_room_vaults
          [special_room_orc], vaults_room_semicircle, vaults_dpeg_encased_lava,
          layout_vaults_maze_bifur, serial_shops, nicolae_shop_statue_plus,
          uniq_mennas
Vaults:4: vaults_room_ringed_pool, hangedman_vaults_hat, vaults_mumra_lcd,
          hangedman_vaults_stream, v_misc_30, hangedman_vaults_slice,
          ontoclasm_vaults_ligature, ontoclasm_vaults_chip, v_misc_17,
          hangedman_vaults_impose, v_misc_28, layout_vaults_ring
Vaults:5
Depths:1: layout_forbidden_donut, abyss_entry, minmay_misc_feat_cross,
          hell_entry, kennysheep_nondescript, minivault_16, grunt_ministairs_15,
          minmay_gold_behind_fungi, minmay_misc_feat_encased,
          onia_ninara_cookie, serial_bayou_shore_a
Depths:2: minmay_blocking_statues, layout_cave_shapes, enter_ziggurat_a,
          hangedman_decor_riveting, pan_entry,
          nicolae_abyss_entry_one_way_or_another, hangedman_geh_valley
Depths:3: minmay_bad_star, layout_gridlike, hellmouth_1, grunt_pan_entry_spiral,
          serial_curves, eino_curves_04, eino_curves_01, eino_curves_01,
          eino_curves_02
Depths:4: minmay_imperfect_grid, layout_basic, grunt_decor_resistance,
          hell_entry, abyss_entry_glasseish, grunt_ministairs_12
Depths:5: grunt_zot_entry_tricorne, layout_cave_shapes, grunt_mini_vestibule

Skill      XL: |  1  2  3  4  5  6  7  8  9 10 11 12 13 14 15 16 17 18 19 20 21 22 23 24 |
---------------+-------------------------------------------------------------------------+-----
Axes           | 3 4 5 6 7 8 10 12 15 17 18 | 18.0
Fighting       | 4 5 6 8 9 10 13 15 16 18 19 21 22 23 24 26 | 26.6
Armour         | 4 5 6 7 8 9 10 13 15 16 18 20 21 22 23 24 26 | 26.6
Shields        | 4 5 6 7 8 9 10 13 15 17 19 20 21 23 24 25 | 25.0
Invocations    | 2 3 4 6 7 8 |  8.0

Action                   |  1- 3 |  4- 6 |  7- 9 | 10-12 | 13-15 | 16-18 | 19-21 | 22-24 | 25-27 || total
-------------------------+-------+-------+-------+-------+-------+-------+-------+-------+-------++-------
Melee: War axe           |    97 |   153 |   368 |   251 |  1038 |  1195 |  1629 |   328 |       ||  5059
       Headbutt          |    12 |    22 |    60 |    40 |   235 |   326 |   562 |   509 |     2 ||  1768
       Unarmed           |       |       |       |       |     2 |       |       |       |       ||     2
       Whip              |       |       |       |       |    37 |    17 |       |       |       ||    54
       Broad axe         |       |       |       |       |       |       |       |  1164 |    10 ||  1174
Invok: Heroism           |       |       |     2 |     2 |     7 |     9 |    10 |     6 |       ||    36
       Finesse           |       |       |       |     1 |     6 |     8 |     8 |     6 |       ||    29
Evoke: Wand              |       |       |       |       |     6 |     2 |       |     2 |       ||    10
       Phantom mirror    |       |       |       |       |       |       |       |     1 |       ||     1
  Use: Potion            |       |     3 |     1 |     3 |     3 |     6 |     3 |     3 |       ||    22
       Scroll            |       |       |    18 |     3 |     2 |     9 |     6 |    13 |       ||    51
 Stab: Invisible         |       |       |       |       |       |     3 |       |       |       ||     3
Armor: Scale mail        |    42 |       |       |       |       |       |       |       |       ||    42
       Chain mail        |     3 |   117 |   102 |       |       |       |       |       |       ||   222
       Plate armour      |       |       |    36 |    62 |   373 |   285 |    81 |       |       ||   837
       Crystal plate arm |       |       |       |       |       |       |   301 |    36 |       ||   337
       Gold dragon scale |       |       |       |       |       |       |       |   399 |    25 ||   424
Dodge: Dodged            |    39 |    52 |    54 |    17 |    86 |   113 |   123 |   181 |     8 ||   673
Block: Kite shield       |    65 |    90 |    76 |       |       |       |       |       |       ||   231
       Tower shield      |       |       |   226 |   234 |  1117 |  1289 |  1624 |  1565 |    35 ||  6090
       Reflection        |       |       |     7 |    28 |    32 |   169 |   144 |   111 |       ||   491

Table legend: (Time is in decaauts)
 A = Elapsed time spent in this place.
 B = Non-inter-level travel time spent in this place.
 C = Inter-level travel time spent in this place.
 D = Time resting spent in this place.
 E = Time spent auto-exploring this place.
 F = Levels seen in this place.
 G = Mean time per level.
                   A        B        C        D        E       F      G
               +--------+--------+--------+--------+--------+-----+--------+
         Total |  54628 |  51458 |   3170 |   8974 |  31569 |  45 | 1214.0 |
       Dungeon |  16938 |  15677 |   1261 |   2415 |  10179 |  15 | 1129.2 |
          Lair |   7934 |   7199 |    735 |   1274 |   4813 |   6 | 1322.3 |
         Swamp |   3002 |   2889 |    113 |    201 |   2127 |   4 |  750.5 |
     Snake Pit |   6238 |   5877 |    361 |   1233 |   3529 |   4 | 1559.5 |
  Orcish Mines |   2024 |   1847 |    177 |    247 |   1153 |   2 | 1012.0 |
        Vaults |  11009 |  10669 |    340 |   2856 |   5215 |   5 | 2201.8 |
        Depths |   5139 |   4958 |    181 |    345 |   3339 |   5 | 1027.8 |
         Sewer |    394 |    394 |      0 |      6 |    267 |   1 |  394.0 |
        Bailey |    414 |    414 |      0 |     98 |    108 |   1 |  414.0 |
      Ice Cave |   1242 |   1242 |      0 |    297 |    657 |   1 | 1242.0 |
       Volcano |    291 |    291 |      0 |      0 |    180 |   1 |  291.0 |
               +--------+--------+--------+--------+--------+-----+--------+

Top non-repeatable levels by time:
Vaults:5: 2820 daAuts
Vaults:1: 2788 daAuts
  Lair:6: 2241 daAuts
 Snake:4: 2239 daAuts
     D:4: 1965 daAuts
Vaults:3: 1871 daAuts
Vaults:2: 1780 daAuts
Vaults:4: 1748 daAuts
  Lair:3: 1631 daAuts
Depths:4: 1621 daAuts
 Snake:3: 1589 daAuts
     D:7: 1512 daAuts
     D:8: 1500 daAuts
    D:13: 1408 daAuts
    D:14: 1391 daAuts
